 Dungeon Crawl Stone Soup version 0.14-a0-218-g24e112a (webtiles) character file.

796 Leibowitz the Ducker (level 7, -9/44 HPs)
             Began as a Kobold Berserker on Oct 9, 2013.
             Was a Priest of Trog.
             Killed from afar by a hound (36 damage)
             ... with an exploding inner flame
             ... on Level 5 of the Dungeon.
             The game lasted 00:16:37 (3807 turns).

Leibowitz the Ducker (Kobold Berserker)             Turns: 3807, Time: 00:16:41

HP  -9/44        AC  7     Str 16      XL: 7   Next: 67%
MP   0/6         EV 17     Int  5      God: Trog [***...]
Gold 200         SH  0     Dex 17      Spells:  0 memorised,  6 levels left

Res.Fire  : . . .   See Invis. : +   a - +1 short sword
Res.Cold  : . . .   Warding    : .   g - +2 leather armour
Life Prot.: . . .   Conserve   : .   (no shield)
Res.Poison: .       Res.Corr.  : .   (no helmet)
Res.Elec. : .       Clarity    : .   p - +0 cloak
Sust.Abil.: . .     Spirit.Shd : +   b - +0 pair of gloves
Res.Mut.  : .       Stasis     : .   (no boots)
Res.Rott. : .       Flight     : .   v - cursed amulet of guardian spirit
Saprovore : + + .                    (no ring)
                                     k - ring of see invisible

@: very slightly contaminated, slightly resistant to hostile enchantments,
stealthy
A: disease resistance, carnivore 3, saprovore 2
a: Burn Spellbooks, Berserk, Trog's Hand, Renounce Religion


You were on level 5 of the Dungeon.
You worshipped Trog.
Trog was most pleased with you.
You were very full.

You visited 1 branch of the dungeon, and saw 5 of its levels.

You collected 180 gold pieces.

Inventory:

Hand weapons
 a - a +1,+1 short sword (weapon)
Armour
 b - a +0 pair of gloves (worn)
 g - a +2 leather armour (worn)
 p - a +0 cloak (worn)
 q - a +1 orcish leather armour of cold resistance
Magical devices
 r - a wand of confusion (2)
Comestibles
 c - 2 meat rations
Scrolls
 e - 4 scrolls of remove curse
 i - 3 scrolls of identify
 l - a scroll of teleportation
 m - 2 scrolls of fear
Jewellery
 k - a ring of see invisible (left hand)
 v - a cursed amulet of guardian spirit (around neck)
 w - an uncursed amulet of resist corrosion
Potions
 x - a potion of restore abilities


   Skills:
 * Level 5.1 Fighting
 + Level 6.3 Short Blades
 - Level 1.5 Armour
 * Level 6.5 Dodging
 * Level 3.3 Stealth
 + Level 0.3 Evocations


You had 6 spell levels left.
You didn't know any spells.

Dungeon Overview and Level Annotations

Branches:
Dungeon (5/27)
 Temple: D:4-7

Altars:
Nemelex Xobeh


Innate Abilities, Weirdness & Mutations

You recuperate from illness quickly.
You are small and have problems with some larger weapons.
You are carnivorous and can eat meat at any time.
You can eat rotten meat.


Message History

You completely miss the hound.
The hound is severely wounded.
The jackal bites you but does no damage.
The hound barely misses you. The hound completely misses you.
You hit the hound.
The hound is almost dead.
The jackal bites you but does no damage.
The hound misses you.
You completely miss the hound.
The hound is almost dead.
The jackal completely misses you. The hound closely misses you.
The hound misses you.
You hit the hound.
The hound explodes!
The fiery explosion engulfs the jackal.
The jackal dies!
The fiery explosion engulfs you!
One of your 2 scrolls of teleportation catches fire!
Ouch! That really hurt!
You die...

**######################** ******
,........................,,,,,,,,
...............§@h....... ,,,,,,,
...............§§§.......,,,,,,,,
..>............§§§......,,,,,,,,,
........................,,,,,,,,,
.......??...............,,,,,,,,,
.......................,,,,,,,,,,
##################....#*****,,,**
* *...#****** ,,* *
*...*,,,,,,**,*


You could see a hound.

Vanquished Creatures
  A yak (D:4)
  The ghost of docbrown the Cudgeler, an average OgBe of Trog (D:3)
  A crimson imp (D:4)
  2 hounds (D:4)
  Crazy Yiuf (D:2)
  A gnoll shaman (D:4)
  2 worker ants (D:4)
  8 gnolls
  An adder (D:4)
  A giant mite (D:3)
  A worm (D:3)
  5 giant geckos
  3 orcs
  9 bats
  A giant cockroach (D:4)
  6 goblins
  7 hobgoblins
  7 kobolds
  3 quokkas (D:4)
  A ball python (D:2)
  A giant newt (D:3)
  4 jackals (D:4)
  A kobold skeleton (D:4)
  An orc zombie (D:4)
  7 rats
76 creatures vanquished.

Vanquished Creatures (others)
  A jackal (D:5)
1 creature vanquished.

Grand Total: 77 creatures vanquished

Notes
Turn   | Place    | Note
--------------------------------------------------------------
     0 | D:1      | Leibowitz, the Kobold Berserker, began the quest for the Orb.
     0 | D:1      | Reached XP level 1. HP: 14/14 MP: 0/0
   192 | D:1      | Reached XP level 2. HP: 17/19 MP: 1/1
   811 | D:2      | Reached skill level 1 in Stealth
   811 | D:2      | Reached XP level 3. HP: 13/24 MP: 2/2
   950 | D:2      | Acquired Trog's second power
  1379 | D:2      | Noticed Crazy Yiuf
  1392 | D:2      | Killed Crazy Yiuf
  1392 | D:2      | Reached XP level 4. HP: 15/29 MP: 3/3
  1887 | D:3      | Noticed docbrown's ghost (average OgBe)
  1906 | D:3      | Killed docbrown's ghost
  1906 | D:3      | Reached skill level 5 in Short Blades
  1906 | D:3      | Reached XP level 5. HP: 25/33 MP: 1/4
  2425 | D:4      | Reached skill level 5 in Dodging
  2425 | D:4      | Reached XP level 6. HP: 26/39 MP: 3/5
  2648 | D:4      | HP: 1/39 [gnoll/halberd (13)]
  2677 | D:4      | HP: 1/39 [gnoll/glowing spear (3)]
  3319 | D:4      | Reached XP level 7. HP: 40/44 MP: 6/6
  3347 | D:4      | Found a sparkling altar of Nemelex Xobeh.
  3348 | D:4      | Noticed a yak
  3365 | D:4      | Killed a yak
  3365 | D:4      | Reached skill level 5 in Fighting
  3365 | D:4      | Reached skill level 6 in Short Blades
  3639 | D:5      | Entered Level 5 of the Dungeon
  3807 | D:5      | Killed from afar by a hound

Action                   |  1- 3 |  4- 6 |  7- 9 || total
-------------------------+-------+-------+-------++-------
Melee: Short sword       |   115 |   292 |   108 ||   515
Invok: Berserk           |     1 |     4 |     1 ||     6
       Trog's Hand       |       |     1 |       ||     1
Evoke: Wand              |       |     3 |       ||     3
  Use: Potion            |     6 |     5 |       ||    11
       Scroll            |       |       |    15 ||    15
 Stab: Sleeping          |     1 |     1 |       ||     2
